 Dungeon Sprint DCSS version 0.30-a0-629-gd54f4be4f7 (webtiles) character file.

Game seed: 15961384266097033127

264 Hubris850 the Gouger (level 5, -1/22 HPs)
             Began as a Felid Warper on Jan 12, 2023.
             Was a Follower of Okawaru.
             Slain by a centaur warrior (2 damage)
             ... in the Dungeon (Sprint I: "Red Sonja").
             The game lasted 00:03:13 (467 turns).

Hubris850 the Gouger (Felid Warper)                  Turns: 467, Time: 00:03:13

Health: -1/22      AC:  2    Str:  7    XL:     5   Next: 98%
Magic:  14/14      EV: 20    Int: 16    God:    Okawaru [*.....]
Gold:   550        SH:  0    Dex: 16    Spells: 9/16 levels left
                                        Lives:  0   Deaths: 2

rFire   . . .      SeeInvis +      - Unarmed
rCold   . . .      Faith    .    (shield unavailable)
rNeg    . . .      Spirit   .    (body armour unavailable)
rPois   .          Reflect  .    (helmet unavailable)
rElec   .          Harm     .    (cloak unavailable)
rCorr   .          Rampage  .    (gloves unavailable)
Will    .....      NoTele   +    (boots unavailable)
Stlth   +++++                    (no amulet)
HPRegen 0.23/turn                (no ring)
MPRegen 0.14/turn                (no ring)

@: quick
A: very small, claws 1, fangs 3, see invisible, speed 1, shaggy fur 2, stealthy
paws, no weapons or thrown items, no armour, multi-lived
a: Renounce Religion, Heroism


You were in the Dungeon.
You worshipped Okawaru.
Okawaru was aware of your devotion.
You visited 1 branch You collected 550 gold pieces.

Inventory:

Wands
 f - a wand of iceblast (10)
Scrolls
 a - 2 scrolls of blinking
Potions
 b - a potion of curing
 c - a potion of heal wounds
 d - a potion of haste
 e - 2 potions of magic


   Skills:
 - Level 2.0 Fighting
 - Level 6.1 Dodging
 - Level 11.8 Stealth
 + Level 11.9 Unarmed Combat
 - Level 6.1 Spellcasting
 - Level 10.1 Translocations


You had 9 spell levels left.
You knew the following spells:

 Your Spells              Type           Power      Damage    Failure   Level
a - Vhi's Electric Charg  Tloc/Air       42%        N/A       4%          3
b - Manifold Assault      Tloc           37%        N/A       1%          4

Your spell library contained the following spells:

 Spells                   Type           Power      Damage    Failure   Level
 Blink                    Tloc           74%        N/A       1%          2
 Lesser Beckoning         Tloc           74%        N/A       1%          3
 Teleport Other           Tloc           37%        N/A       1%          3


Dungeon Overview and Level Annotations

Branches:
Dungeon (1/1)

Altars:
Cheibriados
Dithmenos
Elyvilon
Fedhas
Gozag
Hepliaklqana
Kikubaaqudgha
Nemelex Xobeh
Okawaru
Qazlal
Ru
Sif Muna
Trog
Uskayaw
Vehumet
Wu Jian
Yredelemnul
Zin
The Shining One

Shops:
D (


Innate Abilities, Weirdness & Mutations

You have sharp claws.
You have razor-sharp teeth.
You have supernaturally acute eyesight. (SInv)
You cover ground quickly. (Speed+)
You are covered in thick fur. (AC +2)
Your paws help you pounce on unaware monsters.
You are incapable of wielding weapons or throwing items.
You cannot wear armour.
You gain extra lives every three experience levels.


Message History

The centaur warrior shouts! x2
The centaur warrior wields a +0 shortbow.
The centaur warrior shoots an arrow.
The arrow hits you!!
Ouch! That really hurt!
* * * LOW HITPOINT WARNING * * *
Your unstable footing causes you to fumble your attack.
The centaur warrior shoots an arrow.
The arrow hits you!!
Ouch! That really hurt!
You die...
The centaur warrior hits you. The centaur warrior closely misses you.
You are now level 5!
You rejoin the land of the living...
There is an open door, spattered with blood here.
You see here the felid corpse of Hubris850.
The centaur warrior unwields a +0 shortbow.
The centaur warrior closely misses you.
The centaur warrior completely misses you.
You claw the centaur warrior! x2
The centaur warrior is moderately wounded.
The centaur warrior misses you. The centaur warrior kicks you.
You scratch the centaur warrior.
You bite the centaur warrior, but do no damage.
The centaur warrior is moderately wounded.
The centaur warrior hits you. The centaur warrior kicks you.
You claw the centaur warrior!
The centaur warrior is heavily wounded.
The centaur warrior barely misses you.
The centaur warrior kicks you but does no damage.
The centaur warrior hits you!
* * * LOW HITPOINT WARNING * * *
The centaur warrior misses you.
You scratch the centaur warrior. Your bite misses the centaur warrior.
The centaur warrior is heavily wounded.
The centaur warrior completely misses you.
The centaur warrior kicks you.
* * * LOW HITPOINT WARNING * * *
You scratch the centaur warrior.
The centaur warrior is heavily wounded.
The centaur warrior hits you.
You die...

#..#####'#####'# ###
#..####..#...#[####$§#
#..#__####..##.#§~~§.#
#..#_____##'#_.+§~§c§+
#⌠⌠#_.∩..†'..._#§~§§c#
####_..__##_.#'##'###
#_____###'#.#.§§.#
#########.####c###
.......+...†.@...+
''''####.).####### G
##.## #+#


You could see a centaur warrior.

Vanquished Creatures
  Sonja (D)
  Sigmund (D)
  A yak (D)
  An ogre (D)
  A jelly (D)
  Ijyb (D)
6 creatures vanquished.

Notes
Turn   | Place    | Note
-------+----------+-------------------------------------------
     0 | D        | Hubris850 the Felid Warper began the quest for the Orb.
     0 | D        | Reached XP level 1. HP: 9/9 MP: 4/4
     2 | D        | Noticed Ijyb
     8 | D        | Killed Ijyb
     9 | D        | Reached XP level 2. HP: 13/13 MP: 6/6
    51 | D        | Noticed an ogre
    55 | D        | Killed an ogre
    56 | D        | Reached XP level 3. HP: 16/16 MP: 7/7
    56 | D        | Reached XP level 4. HP: 19/19 MP: 8/8
    60 | D        | Learned a level 3 spell: Vhi's Electric Charge
    65 | D        | Learned a level 4 spell: Manifold Assault
    75 | D        | Noticed Sigmund
    83 | D        | Killed Sigmund
    84 | D        | Reached skill level 5 in Spellcasting
    84 | D        | Reached XP level 5. HP: 11/22 MP: 5/14
    84 | D        | Gained mutation: You are covered in thick fur. (AC +2)
                  | [Felid growth]
    84 | D        | Reached XP level 6. HP: 13/26 MP: 5/15
   163 | D        | Found an ornate altar of the Wu Jian Council.
   163 | D        | Found a shimmering blue altar of Sif Muna.
   165 | D        | Found a radiant altar of Vehumet.
   169 | D        | Reached skill level 10 in Translocations
   198 | D        | Found Saifuesk's Weapon Emporium.
   198 | D        | Found an ancient bone altar of Kikubaaqudgha.
   198 | D        | Found a hazy altar of Hepliaklqana.
   198 | D        | Found a stormy altar of Qazlal.
   198 | D        | Found a hide-covered altar of Uskayaw.
   198 | D        | Found a blossoming altar of Fedhas.
   198 | D        | Found a bloodstained altar of Trog.
   198 | D        | Found an iron altar of Okawaru.
   198 | D        | Found a basalt altar of Yredelemnul.
   198 | D        | Found a glowing golden altar of the Shining One.
   198 | D        | Found a snail-covered altar of Cheibriados.
   198 | D        | Found a sacrificial altar of Ru.
   198 | D        | Found a glowing silver altar of Zin.
   198 | D        | Found a shadowy altar of Dithmenos.
   198 | D        | Found a white marble altar of Elyvilon.
   198 | D        | Noticed a yak
   199 | D        | Found an opulent altar of Gozag.
   208 | D        | Killed a yak
   209 | D        | Found a sparkling altar of Nemelex Xobeh.
   289 | D        | Became a worshipper of Warmaster Okawaru
   297 | D        | Noticed Sonja
   301 | D        | Killed Sonja
   301 | D        | Reached * piety under Okawaru
   302 | D        | Reached XP level 7. HP: 30/30 MP: 17/17
   311 | D        | Noticed a deep troll
   316 | D        | Slain by a deep troll
   317 | D        | Reached XP level 6. HP: -5/26 MP: 16/16
   429 | D        | Noticed a floating eye
   454 | D        | Noticed a centaur warrior
   454 | D        | Noticed a centaur warrior
   456 | D        | Shot with an arrow by a centaur warrior
   457 | D        | Reached XP level 5. HP: -17/22 MP: 14/14
   466 | D        | HP: 1/22 [centaur warrior (2)]
   467 | D        | Slain by a centaur warrior

Illustrated notes

Levels and vault maps discovered:
D:        dungeon_sprint_1 [red_sonja_temple_1, red_sonja_temple_small_1]

Skill      XL: |  1  2  3  4  5  6 |
---------------+-------------------+-----
Unarmed Combat | 6 8 11 | 11.9
Dodging        | 6 |  6.1
Spellcasting   | 5 6 |  6.1
Translocations | 9 10 | 10.1
Stealth        | 11 | 11.8
Fighting       | |  2.0

Action                   |  1- 3 |  4- 6 |  7- 9 || total
-------------------------+-------+-------+-------++-------
Melee: Unarmed           |     7 |    26 |     4 ||    37
       Bite              |       |     6 |       ||     6
       Punch             |       |     2 |       ||     2
 Cast: Vhi's Electric Ch |       |     1 |       ||     1
Evoke: Wand              |     1 |       |       ||     1
  Use: Potion            |     1 |       |       ||     1
 Stab: Sleeping          |       |     2 |       ||     2
Armor: Skin              |     1 |     1 |       ||     2
Dodge: Dodged            |     3 |    15 |     6 ||    24

Table legend: (Time is in decaauts)
 A = Elapsed time spent in this place.
 B = Non-inter-level travel time spent in this place.
 C = Inter-level travel time spent in this place.
 D = Time resting spent in this place.
 E = Time spent auto-exploring this place.
 F = Levels seen in this place.
 G = Mean time per level.
                   A        B        C        D        E       F      G
               +--------+--------+--------+--------+--------+-----+--------+
         Total |    450 |    450 |      0 |    290 |      0 |   1 |  450.0 |
       Dungeon |    450 |    450 |      0 |    290 |      0 |   1 |  450.0 |
               +--------+--------+--------+--------+--------+-----+--------+

Top non-repeatable levels by time:
       D: 450 daAuts
